 Dungeon Crawl Stone Soup version 0.18-a0-844-g9229740 (webtiles) character file.

161750 Duffy the Fencer (level 17, -9/94 HPs)
             Began as a Vine Stalker Berserker on Dec 18, 2015.
             Was the Champion of Trog.
             Mangled by a naga warrior
             ... wielding a +0 battleaxe
              (14 damage)
             ... on level 2 of the Snake Pit.
             The game lasted 01:04:21 (31352 turns).

Duffy the Fencer (Vine Stalker Berserker)          Turns: 31352, Time: 01:04:22

Health: -9/94      AC: 34    Str: 24    XL:     17   Next: 49%
Magic:  0/18       EV:  7    Int:  8    God:    Trog [******]
Gold:   687        SH:  0    Dex: 16    Spells: 0 memorised, 16 levels left

rFire  + . .     SeeInvis +     a - +8 triple sword (elec)
rCold  + . .     Gourm    .     M - +7 gold dragon armour
rNeg   + + .     Faith    .     (shield currently unavailable)
rPois  +         Spirit   +     p - +0 helmet
rElec  .         Dismiss  .     u - +0 cloak
rCorr  .         Reflect  .     R - +2 pair of gloves of Light {rN+}
SustAt .         Harm     .     k - +1 pair of boots
MR     ++++.                    g - amulet of regeneration
Stlth  ..........               o - ring of positive energy
                                F - ring of see invisible

@: lethally poisoned (-9 -> -9), exhausted, regenerating, slowed, constricted,
very slow, incredibly resistant to hostile enchantments, extremely unstealthy
A: fangs 3, regeneration 3, magic shield, antimagic bite, no device heal 3, rot
immunity
a: Berserk, Trog's Hand, Brothers in Arms, Burn Spellbooks, Renounce Religion
}: 1/15 runes: decaying


You were on level 2 of the Snake Pit.
You worshipped Trog.
Trog was exalted by your worship.
You were not hungry.

You visited 5 branches of the dungeon, and saw 32 of its levels.
You also visited: Labyrinth and Ice Cave.

You collected 2973 gold pieces.
You spent 2286 gold pieces at shops.


Innate Abilities, Weirdness & Mutations

You have razor-sharp teeth.
You regenerate.
When hurt, damage is shared between your health and your magic reserves.
Your bite disrupts and absorbs the magic of your enemies.
Potions and wands cannot restore your health.
You are immune to rotting.


   Skills:
 + Level 12.7 Fighting
 * Level 18.9 Long Blades
 + Level 11.6 Armour
 - Level 10.2 Dodging


You had 16 spell levels left.
You didn't know any spells.

Inventory:

Hand Weapons
 a - a +8 triple sword of electrocution (weapon)
 b - a +0 blowgun
Missiles
 q - a throwing net (quivered)
 B - 154 poisoned needles
 D - 16 curare-tipped needles
Armour
 k - a +1 pair of boots (worn)
 p - a +0 helmet (worn)
 u - a +0 cloak (worn)
 L - the +0 hat of Ugu Besm {rCorr}

   It protects you from acid and corrosion.
 M - a +7 gold dragon armour (worn)
 R - the +2 pair of gloves of Light (worn) {rN+}

   It protects you from negative energy.
Jewellery
 g - an amulet of regeneration (around neck)
 l - an uncursed ring of flight
 o - a ring of positive energy (right hand)
 x - an uncursed ring of protection from fire
 F - a ring of see invisible (left hand)
 J - an uncursed ring of protection from cold
Wands
 i - a wand of digging (6)
 S - a wand of disintegration (11)
 U - a wand of paralysis (9)
Scrolls
 d - a scroll of teleportation
 e - 4 scrolls of recharging
 h - 8 scrolls of fear
 m - 12 scrolls of remove curse
 n - a scroll of torment
 w - 2 scrolls of fog
 y - 2 scrolls of magic mapping
 z - a scroll of holy word
 I - a scroll of brand weapon
 W - 2 scrolls of silence
Potions
 j - 5 potions of agility
 s - 4 potions of magic
 t - a potion of resistance
 v - 3 potions of might
 C - 2 potions of ambrosia
 G - 5 potions of flight
 K - 6 potions of curing
 N - a potion of berserk rage
 P - 2 potions of haste
 Z - 5 potions of invisibility
Miscellaneous
 r - a phantom mirror
 E - a sack of spiders
 V - a stone of tremors
Comestibles
 c - 12 bread rations
 f - 14 meat rations
 O - a beef jerky
 Y - 20 fruits

Dungeon Overview and Level Annotations

Branches:
Dungeon (15/15)            Temple (0/1) D:4            Lair (8/8) D:8
  Swamp (4/4) Lair:6        Snake (3/4) Lair:4        Slime (0/6) Lair:6
    Orc (2/2) D:9             Elf (0/3) Orc:2        Vaults (0/5) D:13
 Depths (0/5) D:15

Altars:
Elyvilon
Fedhas
Kikubaaqudgha
Nemelex Xobeh
Okawaru
Pakellas
Qazlal
Ru
Trog
Vehumet
Xom
Yredelemnul
Zin
Beogh

Shops:
D:5 *   D:11 [   Orc:2 [=?*


Message History

The naga mage points at you and mumbles some strange words.
The bolt of poison hits the mana viper.
The bolt of poison hits you!
You are more poisoned.
You resist.
Your gold dragon armour prevents you from hitting the mana viper.
The mana viper is heavily wounded.
You feel sick. The naga hits you but does no damage.
The naga mage barely misses you.
The mana viper bites you but does no damage.
The naga warrior hits you but does no damage.
The naga warrior constricts you. The naga hits you but does no damage.
The naga hits you but does no damage.
The naga mage hits you but does no damage.
The mana viper bites you but does no damage.
You slash the mana viper! Your bite misses the mana viper.
The mana viper is severely wounded.
You feel sick.
The naga mage points at you and mumbles some strange words.
The bolt of poison hits the mana viper.
The bolt of poison hits you!
You are more poisoned.
You resist.
The mana viper bites you but does no damage.
The naga warrior hits you with a battleaxe!
The naga warrior constricts you. The naga hits you but does no damage.
The naga mage hits you but does no damage.
The naga barely misses you. The mana viper bites you!
You feel your power leaking away. The naga hits you but does no damage.
You slice the naga warrior!!
There is a sudden explosion of sparks!
You bite the naga warrior, but do no damage.
The naga warrior is almost dead.
You feel very sick.
The naga mage hits you but does no damage.
The naga warrior hits you with a battleaxe!
You die...

.......<.....# ......
#.#...#...(..# ......
..........(..## ......
#####...#.....( ......
.............## ...#..
...........#######.....#
........N..##...#......#
#....#)S...##...#.....#
.......@N)<##..<....#.#
.####...)N.##...>...#.#
#..).N.##..[).....#
######............#
###.......N..#
#......#...#
#......#...#
#N.....##### ........#


You could see a naga warrior, a mana viper, a naga mage and 2 nagas.

Action                   |  1- 3 |  4- 6 |  7- 9 | 10-12 | 13-15 | 16-18 || total
-------------------------+-------+-------+-------+-------+-------+-------++-------
Melee: Falchion          |   109 |   127 |   249 |       |       |       ||   485
       Scimitar          |       |       |   103 |  1015 |   394 |       ||  1512
       Triple sword      |       |       |       |       |   841 |   637 ||  1478
Invok: Burn Spellbooks   |       |       |     1 |     1 |     9 |     1 ||    12
       Berserk           |       |       |     3 |     9 |    15 |     7 ||    34
       Trog's Hand       |       |       |       |       |     1 |     4 ||     5
       Brothers in Arms  |       |       |       |       |       |     2 ||     2
Evoke: Wand              |       |       |       |     1 |     2 |     1 ||     4
  Use: Scroll            |       |       |       |    16 |    26 |    10 ||    52
       Potion            |       |       |       |       |     2 |       ||     2
 Stab: Distracted        |       |       |       |       |       |     2 ||     2
  Eat: Chunk             |       |     5 |    14 |    34 |    54 |     5 ||   112
       Beef jerky        |       |       |       |       |     7 |     2 ||     9
       Pizza             |       |       |       |       |     2 |    11 ||    13
       Royal jelly       |       |       |       |       |       |     1 ||     1

Notes
Turn   | Place    | Note
--------------------------------------------------------------
     0 | D:1      | Duffy the Vine Stalker Berserker began the quest for the Orb.
     0 | D:1      | Reached XP level 1. HP: 11/11 MP: 2/2
   127 | D:1      | Reached skill level 3 in Long Blades
   127 | D:1      | Reached XP level 2. HP: 8/16 MP: 1/3
   137 | D:1      | Reached skill level 3 in Fighting
   656 | D:2      | Reached XP level 3. HP: 20/20 MP: 4/4
   707 | D:2      | Reached ** piety under Trog
   764 | D:2      | Noticed Robin
   876 | D:2      | Killed Robin
   978 | D:2      | Reached XP level 4. HP: 25/25 MP: 5/5
  1028 | D:2      | Noticed Ijyb
  1040 | D:2      | Killed Ijyb
  1142 | D:2      | Reached skill level 4 in Fighting
  1346 | D:3      | Noticed Jessica
  1350 | D:3      | Killed Jessica
  1350 | D:3      | Reached skill level 4 in Long Blades
  1350 | D:3      | Reached XP level 5. HP: 18/29 MP: 6/6
  1487 | D:3      | Noticed JokEr's ghost (amateur OpTm)
  1505 | D:3      | Killed JokEr's ghost
  1505 | D:3      | Gained mutation: You heal very quickly. [Vine Stalker growth]
  1505 | D:3      | Reached XP level 6. HP: 17/35 MP: 7/7
  1569 | D:3      | Noticed Purgy
  1591 | D:3      | Killed Purgy
  1591 | D:3      | Reached skill level 5 in Fighting
  2119 | D:4      | Found a staircase to the Ecumenical Temple.
  2239 | D:4      | Reached skill level 5 in Long Blades
  2462 | D:3      | Reached XP level 7. HP: 39/39 MP: 8/8
  2540 | D:4      | Reached *** piety under Trog
  2728 | D:4      | Found a blossoming altar of Fedhas.
  3044 | D:4      | Reached skill level 6 in Long Blades
  3489 | D:5      | Entered Level 5 of the Dungeon
  3497 | D:5      | Found a shimmering altar of Xom.
  3517 | D:5      | Found Agips's Assorted Antiques.
  3520 | D:5      | Bought a smoky ruby potion for 19 gold pieces
  3520 | D:5      | Bought a scroll labeled WUNEYGOGOI for 22 gold pieces
  3520 | D:5      | Bought a blackened glass wand for 88 gold pieces
  3520 | D:5      | Bought a scroll labeled ISA LO FACSIPP for 22 gold pieces
  3520 | D:5      | Bought a scroll labeled SYUNLA LUNNO for 22 gold pieces
  4090 | D:5      | Found a stormy altar of Qazlal.
  4137 | D:6      | Reached skill level 7 in Long Blades
  4142 | D:6      | Gained mutation: You have razor-sharp teeth. [Vine Stalker growth]
  4142 | D:6      | Reached XP level 8. HP: 31/43 MP: 9/9
  4213 | D:6      | Reached skill level 2 in Armour
  4240 | D:6      | Found an ancient bone altar of Kikubaaqudgha.
  4263 | D:6      | Noticed Duvessa
  4263 | D:6      | Noticed Dowan
  4264 | D:6      | Found a sacrificial altar of Ru.
  4294 | D:6      | Killed Duvessa
  4307 | D:6      | Killed Dowan
  4359 | D:6      | Reached skill level 8 in Long Blades
  4536 | D:6      | Reached skill level 3 in Armour
  4768 | D:7      | You fall through a shaft for 3 floors!
  4768 | D:10     | Entered Level 10 of the Dungeon
  4948 | D:9      | Reached skill level 4 in Armour
  4948 | D:9      | Reached XP level 9. HP: 3/47 MP: 5/10
  5034 | D:9      | Found a radiant altar of Vehumet.
  5038 | D:9      | Found a staircase to the Orcish Mines.
  5170 | D:9      | Reached skill level 9 in Long Blades
  5287 | D:9      | Found a shimmering altar of Xom.
  5306 | D:9      | Found a sparkling altar of Nemelex Xobeh.
  5349 | D:9      | Reached skill level 5 in Armour
  5394 | D:9      | Reached skill level 6 in Armour
  5444 | D:9      | Reached skill level 10 in Long Blades
  5462 | D:9      | Reached **** piety under Trog
  5475 | D:9      | Reached XP level 10. HP: 40/51 MP: 9/11
  5601 | D:7      | Found an iron altar of Okawaru.
  5601 | D:7      | Found a basalt altar of Yredelemnul.
  5601 | D:7      | Found a blossoming altar of Fedhas.
  5601 | D:7      | Found a bloodstained altar of Trog.
  5604 | D:7      | Found an oddly glowing altar of Pakellas.
  6524 | D:7      | Reached skill level 7 in Armour
  6663 | D:7      | Found a white marble altar of Elyvilon.
  6667 | D:7      | Found a glowing silver altar of Zin.
  7032 | D:8      | Reached skill level 6 in Fighting
  7152 | D:8      | Reached ***** piety under Trog
  7152 | D:8      | Reached skill level 11 in Long Blades
  7247 | D:8      | Found a staircase to the Lair.
  7386 | D:8      | Reached skill level 7 in Fighting
  7730 | D:9      | Reached XP level 11. HP: 58/58 MP: 12/12
  7738 | D:9      | Received a gift from Trog
  7991 | D:9      | Found a roughly hewn altar of Beogh.
  8098 | D:10     | Noticed a hill giant
  8103 | D:10     | Killed a hill giant
  8170 | D:10     | Killed an unseen horror
  8340 | D:10     | Reached skill level 8 in Fighting
  8449 | D:10     | Reached skill level 12 in Long Blades
  9169 | Lair:1   | Entered Level 1 of the Lair of Beasts
  9460 | Lair:1   | Reached skill level 9 in Fighting
 10046 | Lair:2   | Gained mutation: You regenerate. [Vine Stalker growth]
 10046 | Lair:2   | Reached XP level 12. HP: 35/67 MP: 7/13
 10408 | Lair:2   | Reached skill level 13 in Long Blades
 10572 | Lair:2   | Noticed a queen ant
 10591 | Lair:2   | Killed a queen ant
 10591 | Lair:2   | Reached skill level 10 in Fighting
 10799 | Lair:2   | Noticed Sonja
 10800 | Lair:2   | Noticed Sonja
 10800 | Lair:2   | Sonja changed into Sonja the wyvern
 10808 | Lair:2   | Killed Sonja the wyvern
 10834 | Lair:2   | Received a gift from Trog
 12365 | Lair:3   | Reached skill level 2 in Dodging
 12427 | Lair:4   | Noticed a death yak
 12455 | Lair:4   | Killed a death yak
 12608 | Lair:4   | Found a staircase to the Snake Pit.
 12624 | Lair:4   | Reached skill level 14 in Long Blades
 12751 | Lair:4   | Reached skill level 3 in Dodging
 12912 | Lair:4   | Reached XP level 13. HP: 44/73 MP: 14/14
 14339 | Lair:6   | Found a staircase to the Slime Pits.
 14351 | Lair:6   | Found a staircase to the Swamp.
 14357 | Lair:6   | Reached skill level 8 in Armour
 14360 | Lair:6   | Reached skill level 4 in Dodging
 14533 | Lair:6   | Received a gift from Trog
 15201 | Lair:6   | Reached skill level 15 in Long Blades
 15590 | Lair:6   | Reached skill level 5 in Dodging
 15595 | Lair:6   | Reached ****** piety under Trog
 15973 | Lair:7   | Received a gift from Trog
 16225 | Lair:8   | Entered Level 8 of the Lair of Beasts
 16228 | Lair:8   | Reached skill level 9 in Armour
 16641 | Lair:7   | Reached XP level 14. HP: 69/77 MP: 13/15
 17322 | Lair:8   | Reached skill level 6 in Dodging
 17652 | D:11     | Received a gift from Trog
 17747 | D:11     | Got a pitted great mace {god gift}
 17958 | D:11     | Found Doicsiople's Antique Armour Boutique.
 18661 | D:12     | Found a labyrinth entrance.
 18670 | Lab      | Entered a labyrinth
 19242 | Lab      | Received a gift from Trog
 19253 | Lab      | Got a translucent ivory amulet
 20065 | D:13     | Reached skill level 16 in Long Blades
 20172 | D:13     | Found a gate to the Vaults.
 20776 | D:14     | Reached skill level 10 in Armour
 20858 | D:14     | Reached skill level 7 in Dodging
 21022 | D:14     | Reached skill level 11 in Fighting
 21429 | D:14     | Reached XP level 15. HP: 79/82 MP: 14/16
 21700 | D:15     | Entered Level 15 of the Dungeon
 21916 | Orc:1    | Entered Level 1 of the Orcish Mines
 21916 | Orc:1    | Found an iron altar of Okawaru.
 21923 | Orc:1    | Received a gift from Trog
 22219 | Orc:1    | Found a shimmering altar of Xom.
 22455 | Orc:2    | Entered Level 2 of the Orcish Mines
 23001 | Orc:2    | Found a staircase to the Elven Halls.
 23455 | Orc:2    | Received a gift from Trog
 24074 | Orc:2    | Found Vucem's Jewellery Shoppe.
 24077 | Orc:2    | Found Paloozok's General Store.
 24084 | Orc:2    | Found Ciummud's Magic Scroll Shop.
 24086 | Orc:2    | Found Lorphafe's Armour Shoppe.
 24094 | Orc:2    | Bought a +2 gold dragon armour for 1196 gold pieces
 24126 | Orc:2    | Bought a scroll of identify for 28 gold pieces
 24134 | Orc:2    | Bought a scroll of identify for 30 gold pieces
 24134 | Orc:2    | Bought a scroll of enchant weapon for 112 gold pieces
 24134 | Orc:2    | Bought a scroll of identify for 30 gold pieces
 24374 | D:11     | Bought a pair of ichor-stained gloves for 237 gold pieces
 24375 | D:11     | Identified the +2 pair of gloves of Light {rN+} (You bought it in a shop on level 11 of the Dungeon)
 24376 | D:11     | Identified the amulet of Quaheare {Inacc SInv} (You found it in a labyrinth)
 24560 | Orc:2    | Bought an uncursed amulet of regeneration for 480 gold pieces
 25187 | D:15     | Found a staircase to the Depths.
 25312 | D:15     | Received a gift from Trog
 26185 | Swamp:1  | Entered Level 1 of the Swamp
 26203 | Swamp:1  | Found a stormy altar of Qazlal.
 26232 | Swamp:1  | Reached skill level 17 in Long Blades
 26232 | Swamp:1  | Reached skill level 8 in Dodging
 26336 | Swamp:1  | Noticed a thorn hunter
 26345 | Swamp:1  | Killed a thorn hunter
 27132 | Swamp:2  | Reached XP level 16. HP: 88/88 MP: 17/17
 27172 | Swamp:2  | Received a gift from Trog
 27395 | Swamp:2  | Reached skill level 12 in Fighting
 27395 | Swamp:2  | Reached skill level 11 in Armour
 27954 | Swamp:3  | Found a frozen archway.
 27958 | IceCv    | Entered an ice cave
 28281 | IceCv    | Reached skill level 9 in Dodging
 28469 | IceCv    | Noticed an Ice Fiend
 28504 | IceCv    | Killed an Ice Fiend
 28504 | IceCv    | Received a gift from Trog
 28514 | IceCv    | Got a crude triple sword {god gift}
 28569 | IceCv    | Got a heavily runed hat
 28626 | IceCv    | Identified the cursed +0 hat of Ugu Besm {rCorr} (You found it in an ice cave)
 28755 | Swamp:3  | Noticed Louise
 28768 | Swamp:3  | Killed Louise
 28933 | Swamp:3  | Identified the +1 triple sword of Ruf Ryo {slice, Int+2} (Trog gifted it to you in an ice cave)
 29089 | Swamp:3  | Reached skill level 18 in Long Blades
 29356 | Swamp:4  | Entered Level 4 of the Swamp
 29378 | Swamp:3  | Reached skill level 10 in Dodging
 29702 | Swamp:4  | Noticed a thorn hunter
 29757 | Swamp:4  | Received a gift from Trog
 29855 | Swamp:4  | Killed a thorn hunter
 29903 | Swamp:4  | Reached XP level 17. HP: 93/93 MP: 14/18
 30221 | Swamp:4  | Got a decaying rune of Zot
 30649 | Snake:1  | Entered Level 1 of the Snake Pit
 31054 | Snake:3  | Received a gift from Trog
 31352 | Snake:2  | Mangled by a naga warrior

Vault maps used:
D:1:      minmay_arrival_stone_box
D:2:      minmay_misc_feat_x, minmay_tree_intersection, uniq_iyjb, uniq_robin
D:3:      uniq_purgy, uniq_jessica
D:4:      temple_pool_b, serial_bayou, serial_bayou_lagoon_a,
          serial_bayou_pond_e, serial_bayou_pond_c, serial_bayou_pond_e,
          serial_bayou_ford_a, fedhas_altar_2
D:5:      lemuel_coloured_pillars_altar, first_bread, basic_altar, serial_shops,
          kennysheep_mini
D:6:      overflow_temple_1_default, basic_altar, uniq_duvessa
D:7:      nicolae_overflow_hidden_temple, minitemple, grunt_livestock
D:8:      minmay_lair_entry_grove
D:9:      overflow_temple_1_default, kennysheep_mini_moat, lemuel_crystal_altar,
          minmay_orc_entry_temple_small
D:10:     kennysheep_steamy, minmay_bad_closet
D:11:     serial_shops, nicolae_shop_temple_entry_statues_fountains
D:12:     lab_entry_generic, minivault_16
D:13:     david_vaults_2
D:14:     minmay_distorted_concentric_squares,
          infiniplex_staircase_spiral_double
D:15:     hangedman_depths_entry_try_elsewhere_first, spider_trap,
          nicolae_underground_beach
Lair:1:   beast_lair_carwin_10
Lair:2:   wad_woods_antlair, serial_bayou_shore_a, grunt_megastairs_5,
          uniq_sonja
Lair:3:   beast_lair_carwin_3
Lair:4:   minmay_snake_entry_guardpost_medium
Lair:5:   st_stairs_13, nicolae_quartered_pool_medium, serial_bayou_pond_a
Lair:6:   minmay_swamp_entry_swarm, slime_dummy, grunt_megastairs_2
Lair:7:   infiniplex_staircase_pool_2, lemuel_fruit_tree
Lair:8:   minmay_lair_end_enchanted_forest
Swamp:1:  basic_altar
Swamp:2:  evilmike_swamp_ruin_rubble_2
Swamp:3:  portal_ice_cave_entry_pillars_03, hangedman_swamp_ruin_hall,
          swamp_pool5, nicolae_swamp_dense_foliage, uniq_louise
Swamp:4:  swamp_alternative, swamp_pool3
Snake:1:  serial_bayou_shore_b
Snake:2:  grunt_ministairs_15, minmay_snake_pond
Orc:1:    basic_altar, okawaru_metal_pillars_3
Orc:2:    st_orc_elflike
Lab:      nicolae_lab_grate, nicolae_lab_garden, labyrinth_skeletal_remains,
          nicolae_lab_big_swirl, lab_fountain, nicolae_lab_diamond
IceCv:    ice_cave_caverns_03

Vanquished Creatures
  An Ice Fiend
  2 thorn hunters Louise
  An emperor scorpion
  A stone giant
  A very ugly thing
  A dire elephant
  A minotaur
  2 naga warriors
  17 hydras
  2 centaur warriors
  4 ghost crabs
  6 alligators
  An anaconda
  A death yak
  A queen ant
  A shock serpent
  3 orc high priests
  4 spriggans
  2 fire crabs
  3 naga sharpshooters
  A salamander mystic
  A fire crab (shapeshifter)
  4 spriggan druids
  2 naga ritualists
  4 unseen horrors
  14 swamp dragons
  8 hill giants
  6 orc knights
  3 mana vipers
  A lindwurm (shapeshifter)
  5 orc sorcerers
  2 deep elf magi
  2 ugly things
  A manticore
  A hornet
  A wolf spider zombie
  2 griffons
  A wizard
  33 slime creatures
  3 cyclopes
  18 black mambas
  6 elephants
  4 salamanders
  3 naga magi
  2 torpor snails
  An ice statue
  4 centaur skeletons
  A gargoyle
  20 spiny frogs
  A kobold demonologist
  12 komodo dragons
  A golden dragon simulacrum
  4 anaconda simulacra
  7 ice devils
  4 trolls
  3 freezing wraiths
  3 polar bears
  7 giant leeches
  A two-headed ogre
  9 bog bodies
  A shadow
  8 blink frogs
  52 yaks
  A redback
  A wraith
  A human
  A golden eye (shapeshifter)
  4 water elementals
  A human (shapeshifter)
  3 dire elephant simulacra
  21 wolves
  8 wyverns
  33 vampire mosquitoes
  5 basilisks
  8 hippogriffs
  5 hungry ghosts
  2 steam dragons
  The ghost of JokEr the Insei, an amateur OpTm
  15 nagas
  A hog
  18 porcupines
  14 insubstantial wisps
  5 wargs
  5 soldier ants
  A hydra simulacrum
  2 iron troll simulacra
  4 sky beasts Duvessa
  2 harpy simulacra
  2 phantoms
  23 swamp worms
  29 orc warriors
  9 wasps
  A black bear Purgy
  4 centaurs
  11 water moccasins
  2 eyes of draining
  2 ettin simulacra
  13 swamp drakes
  3 ice beasts
  7 ogres
  21 crocodiles
  3 necrophages
  2 wyvern zombies Dowan
  16 giant frogs
  4 scorpions
  9 killer bees
  A swamp dragon simulacrum
  2 electric eels
  3 wights
  6 crimson imps
  A draconian simulacrum
  6 hounds
  5 giant frog zombies
  6 jellies
  3 giant frog skeletons
  A centaur zombie
  A gnoll shaman
  30 orc priests Jessica
  14 worker ants Ijyb
  A quasit
  30 orc wizards
  A polar bear simulacrum
  A spriggan simulacrum
  12 iguanas
  2 troll simulacra
  A killer bee zombie
  8 sheep
  A centaur simulacrum
  2 wolf simulacra
  3 hound skeletons
  A hound zombie Robin
  11 adders
  4 gnolls
  2 naga simulacra
  37 river rats
  A shadow imp
  5 white imps
  3 ogre simulacra
  6 ufetubi
  2 adder skeletons
  5 worms
  4 giant geckos
  86 orcs
  2 ball pythons
  7 giant cockroaches
  7 hobgoblins
  8 jackals
  4 quokkas
  7 bats
  A giant newt
  13 goblins
  6 kobolds
  7 rats
  3 briar patches
  16 fungi
  17 plants
1058 creatures vanquished.
